 Dungeon Crawl Stone Soup version 0.29-a0-459-g97dee8cd24 (webtiles) character file.

Game seed: 1686952381402125025

130 spiderkeys the Skirmisher (level 4, -3/37 HPs)
             Began as a Mummy Abyssal Knight on May 20, 2022.
             Was a Priest of Lugonu.
             Slain by an adder (4 damage)
             ... in a sewer on May 21, 2022.
             The game lasted 00:06:50 (2548 turns).

spiderkeys the Skirmisher (Mummy Abyssal Knight)    Turns: 2548, Time: 00:06:50

Health: -3/37      AC:  4    Str: 18    XL:     4   Next: 90%
Magic:  3/6        EV: 11    Int:  9    God:    Lugonu [***...]
Gold:   91         SH:  0    Dex: 12    Spells: 3/3 levels left

rFire   x . .      SeeInvis .   j - +2 whip (flame)
rCold   + . .      Faith    .   (no shield)
rNeg    + + +      Spirit   .   b - +0 leather armour
rPois   ∞          Reflect  .   (no helmet)
rElec   .          Harm     .   (no cloak)
rCorr   .          Rampage  .   c - +0 pair of gloves
Will    .....                   (no boots)
Stlth   +.........              (no amulet)
HPRegen 0.12/turn               (no ring)
MPRegen 0.10/turn               (no ring)

@: very slow
A: cold resistance 1, negative energy resistance 3, torment resistance 2, heat
vulnerability 1, in touch with death 1, no potions
a: Renounce Religion, Depart the Abyss, Bend Space, Banish


You were in a sewer.
You worshipped Lugonu.
Lugonu was most pleased with you.
You visited 1 branch of the dungeon, and saw 3 of its levels.
You visited the Abyss 1 time.
You also visited: Sewer.

You collected 91 gold pieces.


Innate Abilities, Weirdness & Mutations

You are immune to poison.
Your flesh is cold resistant. (rC+)
You are immune to negative energy. (rN+++)
You are immune to unholy pain and torment.
You are vulnerable to heat. (rF-)
You are in touch with the powers of death.
You do not drink.


   Skills:
 + Level 3.7 Fighting
 + Level 2.5 Polearms
 + Level 2.4 Armour
 - Level 0.7 Dodging
 + Level 2.6 Invocations


You had 3 spell levels left.
You didn't know any spells.
Your spell library contained the following spells:

 Spells                   Type           Power      Damage    Failure   Level
 Sting                    Tmut/Pois      0%         1d3       43%         1
 Poisonous Vapours        Pois/Air       0%         N/A       58%         2
 Olgreb's Toxic Radiance  Pois           0%         N/A       99%         4

Inventory:

Hand Weapons
 a - a +1 spear
 j - a +2 whip of flaming (weapon)
   (You took it off a kobold on level 3 of the Dungeon)
Missiles
 k - 46 stones
 p - 15 poisoned darts
Armour
 b - a +0 leather armour (worn)
 c - a +0 pair of gloves (worn)
   (You found it on level 1 of the Dungeon)
 d - a +0 robe
   (You found it on level 1 of the Dungeon)
 f - a +0 ring mail
   (You found it on level 1 of the Dungeon)
 h - a +0 leather armour
   (You found it on level 1 of the Dungeon)
 i - a +0 ring mail
   (You found it on level 1 of the Dungeon)
 o - a +0 scale mail
   (You took it off an orc on level 3 of the Dungeon)
Wands
 g - a wand of mindburst (9)
   (You found it on level 3 of the Dungeon)
Scrolls
 e - a scroll of torment

Dungeon Overview and Level Annotations

Branches:
Dungeon (3/15)              Sewer (1/1)

Altars:

Annotations:
D:3 3 runed translucent doors, chopper's ghost, amateur MiFi

##.rr.≈≈≈≈≈≈≈≈.....#
##....≈≈≈≈≈≈≈≈≈....##
#.r...≈r≈≈≈≈≈≈≈...##
#.....#≈≈≈≈≈≈≈≈...#
#...r##≈≈≈≈≈≈≈≈...##
#....#≈≈≈≈≈≈≈≈≈....#
##...r≈≈≈≈≈≈≈≈≈≈....#
#...rrS≈≈≈≈≈≈≈≈≈...##
#...K@≈≈≈≈≈≈≈≈≈≈...#
###'###≈#≈#≈####'###
.) ##≈#≈#≈#.....# #.
#≈#≈##..)..# #
#≈#≈##...##
#≈##.....# #≈#..#.!#
≈####### ≈≈≈≈≈≈≈≈≈


You could see a kobold brigand, an adder, a river rat and 4 rats.


Message History

* * * LOW HITPOINT WARNING * * *
The rat splashes around in the water. 😱 HP[-7]
You take 7 damage, and now have 9/37 hp.
Space bends violently around you!
You blink.
A frilled lizard, a ball python and 3 rats come into view.
The frilled lizard hisses angrily.
The ball python hisses angrily. 😱 HP[-2] MP[-1]
You take 2 damage, and now have 7/37 hp.
You lost 1 mp, and now have 4/5 mp.
Unknown command.
As you read the scroll labelled DEAZEMO MODUSK, it crumbles to dust.
You hear a loud clanging noise!
It was a scroll of noise.
You hear a shout!
The adder closely misses you. The adder bites you but does no damage.
The rat bites you.
* * * LOW HITPOINT WARNING * * *
😱 HP[-3]
You take 3 damage, and now have 4/37 hp.
As you read the scroll labelled ENINUPT LYADYETOU, it crumbles to dust.
You feel strangely unstable.
It was a scroll of teleportation.
The adder bites you but does no damage. The rat bites you but does no damage.
The rat closely misses you. Space bends violently around you!
You blink.
Splash!
You fall into the shallow water.
Moving in this stuff is going to be slow.
The rat twitches its whiskers. 😱 HP[-2] MP[-1]
You take 2 damage, and now have 2/37 hp.
You lost 1 mp, and now have 3/5 mp.
Unknown command. 😱 HP[+1]
Okay, then.
You can't drink.
Unknown command.
Okay, then.
Space bends violently around you!
You blink.
A rat comes into view.
Your surroundings suddenly seem different.
Splash!
You fall into the shallow water.
Moving in this stuff is going to be slow.
The rat moves out of view. 😱 HP[-2] MP[-1]
You take 2 damage, and now have 1/37 hp.
You lost 1 mp, and now have 2/5 mp.
As you read the scroll of identify {@r1}, it crumbles to dust.
e - a scroll of torment A kobold comes into view.
It is wielding a +0 whip.
Okay, then.
You can't drink.
Aiming: Mindburst
Press: ? - help, Shift-Dir - straight line, f - kobold
Aim: a kobold, wielding a +0 whip and quivering stones (chance to affect: 79%)
The kobold's mind is blasted!
You blow up the kobold!
Lugonu accepts your kill.
A kobold comes into view.
It is wielding a +0 short sword. 😱 MP[+1]
Aiming: Mindburst
Press: ? - help, Shift-Dir - straight line, f - kobold
Aim: a kobold, wielding a +0 short sword (chance to affect: 79%)
The kobold's mind is blasted.
You blow up the kobold!
Lugonu accepts your kill.
The adder hisses angrily.
A kobold brigand comes into view.
It is wielding a +0 dagger and quivering poisoned darts.
Aiming: Mindburst
Press: ? - help, Shift-Dir - straight line, f - rat
Aim: a rat (chance to affect: 79%)
The rat's mind is blasted!
You blow up the rat!
Lugonu accepts your kill. 😱 HP[+1]
Aiming: Mindburst
Press: ? - help, Shift-Dir - straight line, f - kobold brigand
Aim: a kobold brigand, wielding a +0 dagger and quivering poisoned darts (chance to affect: 64%)
The kobold brigand's mind is blasted.
The adder closely misses you. The kobold brigand misses you. The rat bites you.
* * * LOW HITPOINT WARNING * * *
The river rat misses you. 😱 HP[-1]
You take 1 damage, and now have 1/37 hp.
Aiming: Mindburst
Press: ? - help, Shift-Dir - straight line, f/p - kobold brigand
Aim: a kobold brigand, wielding a +0 dagger and quivering poisoned darts (moderately wounded, chance to affect: 64%)
The kobold brigand's mind is blasted!
The adder barely misses you. The river rat barely misses you.
The rat bites you but does no damage. The adder closely misses you.
The kobold brigand hits you but does no damage.
Aiming: Mindburst
Press: ? - help, Shift-Dir - straight line, f/p - kobold brigand
Aim: a kobold brigand, wielding a +0 dagger and quivering poisoned darts (almost dead, chance to affect: 64%)
The kobold brigand struggles to resist.
The adder bites you.
You die...

Skill      XL: |  1  2  3 |
---------------+----------+-----
Invocations    | 2 |  2.6
Armour         | 2 |  2.4
Polearms       | 2 |  2.5
Fighting       | |  3.7
Dodging        | |  0.7

Action                   |  1- 3 |  4- 6 || total
-------------------------+-------+-------++-------
Melee: Spear             |   123 |       ||   123
       Whip              |    12 |    73 ||    85
       Punch             |     3 |       ||     3
Invok: Bend Space        |       |     3 ||     3
Evoke: Wand              |     1 |     6 ||     7
  Use: Scroll            |     2 |     3 ||     5
Armor: Leather armour    |    44 |    38 ||    82
Dodge: Dodged            |    66 |    79 ||   145

Levels and vault maps discovered:
D:1:      onia_arrival_mini_maze, layout_basic,
          ebering_ecumenical_altar_sacrificial, minivault_26
D:2:      layout_rooms, uniq_jessica, uniq_robin
D:3:      layout_rooms, gammafunk_ghost_split, cheibrodos_sewer_entry_bend
Sewer:    sewer_minmay_treatment

Notes
Turn   | Place    | Note
-------+----------+-------------------------------------------
     0 | Abyss:1  | spiderkeys the Mummy Abyssal Knight began the quest for the
                  | Orb.
     0 | Abyss:1  | Reached XP level 1. HP: 18/18 MP: 2/2
     0 | Abyss:1  | magus.rc [v1.11.3]
    59 | D:1      | You pass through the gate.
    59 | D:1      | Escaped the Abyss
   211 | D:1      | magus.rc [v1.11.3]
   265 | D:1      | Reached XP level 2. HP: 11/24 MP: 3/3
   565 | D:1      | Found a faded altar of an unknown god.
   598 | D:1      | HP: 5/24 [gnoll/+0 flail (5)]
   600 | D:1      | Reached skill level 2 in Invocations
   948 | D:1      | Reached skill level 2 in Armour
  1045 | D:1      | Gained mutation: You are in touch with the powers of death.
                  | [Mummy growth]
  1045 | D:1      | Reached XP level 3. HP: 28/29 MP: 4/4
  1084 | D:1      | Reached skill level 2 in Polearms
  1286 | D:1      | You fall into a shaft and drop 1 floor!
  1383 | D:2      | Reached *** piety under Lugonu
  1394 | D:2      | HP: 5/29 [hobgoblin[Robin] (4)]
  1398 | D:2      | HP: 2/29 [hobgoblin[Robin] (3)]
  1414 | D:3      | HP: 2/29 [goblin/+0 dagger[Robin] (2)]
  1516 | D:3      | You add the spells Sting, Poisonous Vapours and Olgreb's
                  | Toxic Radiance to your library.
  1529 | D:3      | HP: 7/29 [shadow imp (1)]
  1530 | D:3      | HP: 2/29 [shadow imp (5)]
  1569 | D:3      | HP: 4/29 [endoplasm (1)]
  1714 | D:3      | Reached XP level 4. HP: 18/35 MP: 5/5
  1805 | D:3      | Noticed chopper's ghost (amateur MiFi)
  1811 | D:3      | Found a runed translucent gate.
  1811 | D:3      | Found a runed translucent gate.
  1811 | D:3      | Found a runed translucent gate.
  1841 | D:3      | Found a glowing drain.
  1863 | Sewer    | Entered a sewer
  2533 | Sewer    | HP: 9/37 [river rat (7)]
  2535 | Sewer    | HP: 4/37 [rat (3)]
  2544 | Sewer    | Noticed a kobold brigand
  2546 | Sewer    | HP: 1/37 [rat (1)]
  2548 | Sewer    | Slain by an adder

Vanquished Creatures
  A gnoll (D:1)
  3 adders
  2 river rats (Sewer)
  A shadow imp (D:3)
  A worm (D:3)
  A dart slug (D:1)
  An orc (D:3)
  5 bats
  4 endoplasms
  2 giant cockroaches
  2 goblins
  8 hobgoblins
  5 jackals
  A quokka (D:3)
  6 ball pythons
  A frilled lizard (D:3)
  6 kobolds
  15 rats
65 creatures vanquished.

Table legend:
 A = Non-vault XP
 B = Vault XP
 C = Vault XP percentage of total XP
 D = Non-vault monster count
 E = Vault monster count
 F = Vault count percentage of total count
                 A         B        C        D         E       F
            +---------+---------+-------+---------+---------+-------
      Total |     118 |      69 |  36.9 |      41 |      24 |  36.9
            +---------+---------+-------+---------+---------+-------
        D:1 |      47 |       0 |   0.0 |      20 |       0 |   0.0
        D:2 |      23 |       2 |   8.0 |       6 |       1 |  14.3
        D:3 |      48 |       7 |  12.7 |      15 |       2 |  11.8
      Sewer |       0 |      60 | 100.0 |       0 |      21 | 100.0
            +---------+---------+-------+---------+---------+-------

Illustrated notes

Table legend:
 A = Kills in this place as a percentage of kills in entire the game.
 B = Kills by you in this place as a percentage of kills by you in the entire game.
 C = Kills by friends in this place as a percentage of kills by friends in the entire game.
 D = Other kills in this place as a percentage of other kills in the entire game.
 E = Experience gained in this place as a percentage of experience gained in the entire game.
 F = Experience gained in this place divided by the number of levels of this place that you have seen.
                   A       B       C       D       E      F
               +-------+-------+-------+-------+-------+----------------------
         Total | 100.0 | 100.0 |   N/A |   N/A | 100.0 |  37.4
       Dungeon |  67.7 |  67.7 |   N/A |   N/A |  67.9 |  42.3
         Sewer |  32.3 |  32.3 |   N/A |   N/A |  32.1 |  60.0
               +-------+-------+-------+-------+-------+----------------------

Table legend: (Time is in decaauts)
 A = Elapsed time spent in this place.
 B = Non-inter-level travel time spent in this place.
 C = Inter-level travel time spent in this place.
 D = Time resting spent in this place.
 E = Time spent auto-exploring this place.
 F = Levels seen in this place.
 G = Mean time per level.
                   A        B        C        D        E       F      G
               +--------+--------+--------+--------+--------+-----+--------+
         Total |   2565 |   2565 |      0 |    538 |   1252 |   5 |  513.0 |
       Dungeon |   1809 |   1809 |      0 |    319 |    897 |   3 |  603.0 |
         Abyss |     59 |     59 |      0 |      0 |      0 |   1 |   59.0 |
         Sewer |    697 |    697 |      0 |    219 |    355 |   1 |  697.0 |
               +--------+--------+--------+--------+--------+-----+--------+

Top non-repeatable levels by time:
     D:1: 1227 daAuts
   Sewer: 697 daAuts
     D:3: 456 daAuts
     D:2: 125 daAuts
 Abyss:1: 59 daAuts
